Map: Kairos Junction LE

Players

Eternal - Winner!

  • Race: Terran Terran
  • League: Master
  • Spawn Location: 5:00

A.I. 1 (Very Easy)

  • Race: Protoss Protoss
  • Spawn Location: 11:00

VOD

Have the link to the VOD?

Description

Time

  • Played on: May 7, 2019, 8:43 p.m.
  • Length: 10:06
Show
View Real Time Build Order
Export as new Build Order

Eternal Terran - Winner!

Build Orders: Reaper Expand 

Get SALT Encoding   

  12  0:01  SCV  
  13  0:13  SCV  
  14  0:18  Supply Depot  
  14  0:25  SCV  
  15  0:39  SCV  
  15  0:40  Barracks  
  16  0:44  Refinery  
  16  0:51  SCV  
  17  1:03  SCV  
  18  1:16  SCV  
  19  1:28  Orbital Command, Reaper  
  20  1:40  Command Center  
  20  1:51  Supply Depot  
  20  1:53  SCV  
  21  2:00  Barracks Reactor  
  21  2:03  Barracks  
  21  2:07  SCV  
  22  2:16  Barracks  
  22  2:19  SCV  
  23  2:31  SCV  
  24  2:38  Marine x2  
  24  2:43  SCV  
  27  2:50  Barracks Tech Lab  
  27  2:52  Orbital Command, Engineering Bay  
  27  2:55  SCV  
  27  2:56  Marine  
  27  2:57  Marine  
  30  3:03  Marine  
  31  3:07  SCV  
  31  3:08  Marine  
  31  3:09  Stimpack  
  33  3:16  Marine  
  33  3:17  Marine  
  33  3:19  Terran Infantry Weapons Level 1  
  36  3:20  SCV  
  36  3:21  Barracks Tech Lab  
  36  3:26  Marine, SCV  
  38  3:28  Supply Depot  
  38  3:34  Marine x2  
  38  3:35  SCV  
  38  3:38  SCV  
  38  3:39  Marine  
  43  3:48  SCV  
  44  3:49  Marine  
  44  3:50  Supply Depot, SCV  
  44  3:53  Missile Turret  
  46  3:55  Missile Turret  
  46  3:56  Combat Shield  
  46  3:59  Marine  
  46  4:00  SCV  
  46  4:01  Marine  
  49  4:03  Marine  
  49  4:07  Marine  
  49  4:08  Supply Depot  
  49  4:09  SCV  
  52  4:12  SCV  
  53  4:21  Marauder, SCV  
  56  4:24  SCV  
  56  4:25  Marauder  
  56  4:29  Marine x2  
  56  4:31  Supply Depot  
  61  4:33  SCV  
  61  4:36  SCV  
  61  4:37  Supply Depot  
  63  4:43  Marine  
  63  4:45  SCV  
  65  4:46  Marine x2  
  65  4:47  Marine  
  65  4:49  Factory  
  65  4:50  SCV  
  69  4:54  Refinery  
  69  4:55  Refinery  
  69  4:57  SCV  
  70  5:00  Marine  
  70  5:04  Marine x3  
  70  5:05  Supply Depot  
  74  5:10  SCV x2  
  76  5:20  Command Center, Barracks  
  76  5:24  Barracks  
  76  5:28  SCV x2  
  77  5:35  Factory Reactor, Starport  
  77  5:38  Refinery  
  77  5:40  Marine x2, SCV x2  
  77  5:41  Marauder  
  83  5:48  Terran Infantry Armor Level 1  
  85  5:52  SCV x2  
  85  5:54  Concussive Shells  
  87  5:59  Marine x2  
  87  6:04  Marine, SCV x2  
  89  6:05  Marauder  
  89  6:08  Barracks Reactor  
  89  6:11  Barracks Tech Lab  
  91  6:16  SCV x2  
  91  6:18  Factory Reactor  
  93  6:25  Marine  
  94  6:32  Marauder x3, Marine  
  101  6:34  SCV x2  
  103  6:41  Supply Depot x2, Medivac x2  
  103  6:46  Marine x3  
  110  6:50  Refinery x2, Armory  
  110  6:52  Engineering Bay  
  110  6:55  Orbital Command  
  110  6:57  SCV x2  
  110  7:01  Marine, Supply Depot  
  112  7:04  Marauder  
  112  7:05  Marine x2  
  112  7:07  Marine  
  115  7:11  Marauder  
  115  7:13  SCV x2  
  118  7:17  Medivac  
  118  7:20  Medivac  
  122  7:23  Marine  
  122  7:24  Marauder, Marine  
  122  7:25  Marine, SCV  
  122  7:26  Marine  
  122  7:29  SCV x2  
  131  7:35  Starport  
  131  7:36  Fusion Core  
  131  7:40  Terran Infantry Weapons Level 2  
  130  7:46  Terran Infantry Armor Level 2  
  130  7:49  Marine x4  
  134  7:57  SCV x2  
  134  7:58  SCV  
  137  7:59  Terran Ship Weapons Level 1  
  137  8:04  Marauder  
  137  8:05  Marauder  
  141  8:09  Supply Depot  
  141  8:10  Supply Depot  
  141  8:12  Starport Tech Lab, Supply Depot  
  141  8:14  Liberator x2  
  141  8:18  Liberator  
  141  8:24  Marine x4, Missile Turret  
  147  8:30  Advanced Ballistics, Command Center  
  153  8:39  Marauder x3  
  160  8:45  Supply Depot x2  
  160  8:47  Marine x4  
  164  8:57  Liberator x2  
  164  9:00  Marauder  
  164  9:01  Liberator  
  166  9:04  Supply Depot  
  166  9:10  SCV x3  
  166  9:16  Marine x4  
  181  9:17  Marauder x2  
  181  9:21  Marauder  
  188  9:27  Barracks  
  188  9:29  Barracks, Ghost Academy  
  188  9:30  Refinery, Barracks  
  188  9:35  Refinery  
  188  9:43  Missile Turret  
Show
View Real Time Build Order
Export as new Build Order

A.I. 1 (Very Easy) Protoss 

Build Orders: 1 Gate Expand, Nexus First 

Get SALT Encoding   

  12  0:00  Probe  
  13  0:13  Probe  
  14  0:20  Pylon  
  14  0:42  Gateway  
  14  1:00  Nexus  
  14  1:19  Pylon  
  14  1:21  Zealot  
  14  1:22  Assimilator  
  16  1:33  Probe  
  16  1:35  Cybernetics Core  
  17  1:41  Probe  
  18  1:52  Probe  
  19  2:01  Probe  
  19  2:03  Assimilator  
  19  2:06  Stalker  
  20  2:09  Probe  
  23  2:19  Probe  
  24  2:25  Probe  
  24  2:26  Warp Gate  
  25  2:33  Probe  
  26  2:53  Probe  
  26  2:56  Assimilator  
  26  2:58  Pylon  
  27  3:00  Probe  
  28  3:06  Probe  
  28  3:08  Robotics Facility  
  29  3:16  Probe  
  29  3:25  Zealot  
  32  3:27  Probe  
  32  3:31  Probe  
  34  3:42  Probe  
  35  3:49  Probe  
  36  3:56  Observer, Probe  
  38  4:03  Probe  
  39  4:10  Observer, Probe  
  39  4:15  Assimilator  
  40  4:17  Probe  
  40  4:21  Probe  
  43  4:32  Probe  
  43  4:37  Stalker  
  43  4:38  Probe  
  46  4:43  Pylon  
  47  4:46  Probe  
  48  4:53  Probe  
  49  5:00  Probe  
  50  5:28  Immortal  
  46  5:44  Probe  
  46  5:47  Pylon  
  29  5:59  Probe  
  28  6:04  Observer  
  29  6:11  Probe  
  29  6:12  Pylon  
  29  6:18  Immortal  
  25  6:23  Probe  
  26  6:35  Probe  
  23  6:48  Probe  
  22  6:57  Immortal  
  22  7:00  Probe  
  24  7:12  Probe  
  20  7:20  Probe  
  18  7:28  Probe  
  18  7:36  Immortal  
  21  7:38  Probe  
  17  7:50  Probe  
  17  7:57  Pylon  
Tags
 
Add a new tag
Caveats
  • Supply blocks, unpowered buildings, or Contaminate may cause inaccurate times.
  • Supply counts are checked every 10 seconds.